 Dungeon Crawl Stone Soup version 0.27-a0-1559-g299f9947c5 (webtiles) character file.

Game seed: 952165543374226937

4075 BorisBritva322 the Basher (level 10, -2/132 HPs)
             Began as a Purple Draconian Berserker on July 16, 2021.
             Was a Priest of Trog.
             Slain by a killer bee (8 damage)
             ... on level 8 of the Dungeon.
             The game lasted 00:22:41 (8169 turns).

BorisBritva322 the Basher (DrBe)                    Turns: 8169, Time: 00:22:42

Health: -2/132     AC:  8    Str: 20    XL:     10   Next: 5%
Magic:  10/10      EV: 15    Int:  9    God:    Trog [***...]
Gold:   54         SH:  0    Dex: 12    Spells: 9/9 levels left

rFire    + . .     SeeInvis .   w - +6 hand axe
rCold    x . .     Faith    .   (no shield)
rNeg     . . .     Spirit   .   (armour unavailable)
rPois    .         Reflect  .   (helmet restricted)
rElec    .         Harm     .   c - +0 cloak
rCorr    .         Rampage  .   (no gloves)
Will     +....                  (no boots)
Stlth    ..........             (no amulet)
HPRegen  0.32/turn              t - ring of fire
MPRegen  0.12/turn              s - ring of flight

@: berserking, lethally poisoned (-2 -> -34), flying, slowed
A: breathe power, AC +7, unfitting armour, cold-blooded
a: Breathe Dispelling Energy, Renounce Religion, Berserk, Trog's Hand


You were on level 8 of the Dungeon.
You worshipped Trog.
Trog was most pleased with you.
You visited 1 branch of the dungeon, and saw 8 of its levels.

You collected 274 gold pieces.
You spent 220 gold pieces at shops.

Inventory:

Hand Weapons
 b - a +1 flail
 w - a +6 hand axe (weapon)
Armour
 c - a +0 cloak (worn)
Jewellery
 s - a ring of flight (right hand)
 t - a ring of fire (left hand)
Wands
 a - a wand of flame (16)
 m - a wand of polymorph (12)
 z - a wand of mindburst (3)
Scrolls
 d - a scroll of enchant weapon
 e - a scroll of enchant armour
 f - 2 scrolls of fear
 i - 2 scrolls of teleportation
 r - a scroll of blinking {unknown}
 v - a scroll of holy word {unknown}
 y - a scroll of magic mapping {unknown}
Potions
 k - 6 potions of curing
 n - 2 potions of haste
 u - 3 potions of might


   Skills:
 + Level 8.1 Fighting
 + Level 2.2(6.7) Axes
 + Level 10.0(10.1) Maces & Flails
 + Level 8.1 Dodging


You had 9 spell levels left.
You didn't know any spells.
Your spell library was empty.

Dungeon Overview and Level Annotations

Branches:
Dungeon (8/15)             Temple (0/1) D:7
   Lair: D:8-11

Altars:
Uskayaw
The Shining One

Shops:
D:2 **   D:7 !


Innate Abilities, Weirdness & Mutations

You can breathe bolts of dispelling energy.
Your rich purple scales are hard. (AC +7)
You cannot fit into any form of body armour.
You are cold-blooded and may be slowed by cold attacks.


Message History

Trog accepts your kill.
You slash the killer bee!
You feel very sick. The killer bee stings you!
You are more poisoned.
The killer bee poisons you! The killer bee closely misses you. x2
The killer bee stings you. The killer bee closely misses you.
You closely miss the killer bee.
The killer bee is almost dead.
You closely miss the killer bee. You hit the killer bee.
You feel very sick.
The killer bee stings you but does no damage.
The killer bee stings you!
* * * LOW HITPOINT WARNING * * *
You are more poisoned.
The killer bee poisons you!
The killer bee stings you but does no damage.
The killer bee stings you.
* * * LOW HITPOINT WARNING * * *
You are lethally poisoned!
The killer bee poisons you! The killer bee stings you!
* * * LOW HITPOINT WARNING * * *
You are more poisoned.
The killer bee poisons you! The killer bee stings you.
* * * LOW HITPOINT WARNING * * *
You are too berserk!
Unknown command.
You are too berserk!
You are too berserk!
You slash the killer bee!
You kill the killer bee!
Trog accepts your kill.
You hit the killer bee.
You kill the killer bee!
Trog accepts your kill.
You miss the killer bee.
* * * LOW HITPOINT WARNING * * *
You feel extremely sick. The killer bee stings you!
You die...

###.......#..
#>..#<....... #
#.#.......##.
#.#.##.#...## #
#.#.##.##.##
##.#.#.##.# ..#
#.......#..
#...
##...)...###
.### ....[..@y#
##
#.....†))......
#......K......#
#.........#####
#.........#
#.######.Y# #.
... ....


You could see a sky beast, a killer bee and a kobold.

Vanquished Creatures
  Harold (D:7)
  Grinder (D:5)
  Sigmund (D:3)
  2 steam dragons
  2 water moccasins
  A hornet zombie (D:6)
  A necrophage (D:5)
  A black bear (D:6)
  An ogre (D:6)
  5 centaurs
  A phantom (D:6)
  A kobold brigand (D:8)
  3 bullfrogs
  2 scorpions
  3 killer bees (D:8)
  11 wights
  A howler monkey (D:4)
  5 hounds
  3 centaur zombies (D:6)
  2 jellies
  A gnoll shaman (D:5)
  An orc priest (D:7)
  2 bullfrog skeletons (D:6)
  7 orc wizards
  2 howler monkey zombies (D:6)
  5 adders
  7 gnolls
  A shadow imp (D:6)
  2 white imps
  A worm (D:2)
  3 dart slugs (D:1)
  15 orcs
  3 ball pythons
  5 bats
  6 endoplasms
  6 giant cockroaches
  7 hobgoblins
  3 jackals
  4 quokkas
  8 frilled lizards
  4 goblins
  9 kobolds
  8 rats
158 creatures vanquished.

Notes
Turn   | Place    | Note
-------+----------+-------------------------------------------
     0 | D:1      | BorisBritva322 the Draconian Berserker began the quest for
                  | the Orb.
     0 | D:1      | Reached XP level 1. HP: 19/19 MP: 1/1
    58 | D:1      | Reached XP level 2. HP: 10/26 MP: 2/2
   567 | D:1      | Reached XP level 3. HP: 33/33 MP: 3/3
   954 | D:2      | Found Popnuku's Assorted Antiques.
   955 | D:2      | Found Netz's Assorted Antiques.
   982 | D:2      | Reached ** piety under Trog
  1301 | D:2      | Reached XP level 4. HP: 40/40 MP: 4/4
  1316 | D:2      | Reached skill level 4 in Maces & Flails
  1566 | D:2      | Found a faded altar of an unknown god.
  2299 | D:3      | Noticed Sigmund
  2313 | D:3      | Killed Sigmund
  2314 | D:3      | Reached skill level 5 in Maces & Flails
  2314 | D:3      | Reached XP level 5. HP: 47/47 MP: 5/5
  2314 | D:3      | Reached XP level 6. HP: 53/53 MP: 6/6
  3596 | D:5      | Entered Level 5 of the Dungeon
  3670 | D:5      | Reached *** piety under Trog
  3671 | D:5      | Your scales start taking on a rich purple colour.
  3671 | D:5      | Reached XP level 7. HP: 38/60 MP: 7/7
  3946 | D:5      | Reached skill level 6 in Maces & Flails
  3957 | D:5      | Noticed Grinder
  3966 | D:5      | Killed Grinder
  3967 | D:5      | Reached skill level 5 in Fighting
  3967 | D:5      | Reached skill level 5 in Dodging
  5265 | D:6      | Noticed a steam dragon
  5274 | D:6      | Reached skill level 7 in Maces & Flails
  5283 | D:6      | Killed a steam dragon
  5284 | D:6      | Reached XP level 8. HP: 69/70 MP: 8/8
  5297 | D:5      | HP: 1/70 [bullfrog (4)]
  5567 | D:6      | Found a glowing golden altar of the Shining One.
  5668 | D:6      | Reached skill level 8 in Maces & Flails
  5911 | D:6      | Found a hide-covered altar of Uskayaw.
  6462 | D:6      | Reached XP level 9. HP: 78/78 MP: 9/9
  6702 | D:6      | Reached skill level 9 in Maces & Flails
  7386 | D:7      | Found a staircase to the Ecumenical Temple.
  7527 | D:7      | Noticed Harold
  7538 | D:7      | Killed Harold
  7539 | D:7      | Reached skill level 1 in Axes
  7653 | D:7      | Reached skill level 10 in Maces & Flails
  7692 | D:7      | Found Muecatib's Distillery.
  7700 | D:7      | Bought a potion of might for 44 gold pieces
  7700 | D:7      | Bought 2 potions of curing for 66 gold pieces
  7700 | D:7      | Bought a potion of haste for 110 gold pieces
  7952 | D:7      | Reached XP level 10. HP: 76/88 MP: 10/10
  8169 | D:8      | HP: 6/132 [poisoned by a killer bee]
  8169 | D:8      | Slain by a killer bee

Illustrated notes

Levels and vault maps discovered:
D:1:      saegor_arrival_simple_b, layout_basic, serial_forest,
          infiniplex_forest_join, infiniplex_forest_lined_corner,
          infiniplex_forest_clump_small, infiniplex_forest_straight_3,
          infiniplex_forest_straight_3, infiniplex_forest_lined_2,
          infiniplex_forest_end_2, infiniplex_forest_straight_5,
          minmay_pentomino_x4
D:2:      layout_basic, shapermc_ecumenical_altar_mp_vishouse, serial_shops,
          nicolae_square_shop, shop, kennysheep_potato
D:3:      layout_loops_ring, serial_co_window_serial, co_window_paths_b,
          co_window_paths_a, co_window_paths_a, co_window_of_opportunity_a,
          co_window_of_opportunity_a, co_window_paths_a, co_window_corner_a,
          co_window_cross_1, co_window_paths_b, co_window_broadway_b,
          co_window_corner_b, co_window_broadway_b, co_window_corner_ca,
          co_window_corner_b, co_window_4corner_a, glass_columns_a,
          glass_columns_a, glass_columns_b, glass_columns_b, uniq_sigmund
D:4:      layout_rooms, kennysheep_generic_room_16
D:5:      layout_basic, uniq_grinder
D:6:      cheibrodos_helix_gallery, layout_rooms,
          mainiacjoe_overflow_catwalk_spiral, minmay_misc_feat_chi,
          minmay_alternating_orb
D:7:      layout_basic, minmay_temple_entry_offerings, serial_shops, shop,
          chequers_garden, uniq_harold
D:8:      layout_loops_ring, kennysheep_generic_room_9, uniq_psyche

Skill      XL: |  1  2  3  4  5  6  7  8  9 10 |
---------------+-------------------------------+-----
Dodging        | 3 4 5 6 8 |  8.1
Maces & Flails | 5 7 8 10 | 10.0
Fighting       | 4 5 6 8 |  8.1
Axes           | 1 2 |  2.2

Action                   |  1- 3 |  4- 6 |  7- 9 | 10-12 || total
-------------------------+-------+-------+-------+-------++-------
Melee: Mace              |     6 |       |       |       ||     6
       Flail             |    92 |   146 |   254 |       ||   492
       Tailslap          |     8 |    16 |    44 |       ||    68
       Hand axe          |       |       |    49 |    11 ||    60
Invok: Berserk           |       |     3 |     8 |     1 ||    12
       Trog's Hand       |       |       |     5 |       ||     5
  Use: Scroll            |       |     4 |     4 |       ||     8
       Potion            |       |       |     3 |       ||     3
 Stab: Sleeping          |     1 |       |       |       ||     1
Armor: Skin              |    24 |    52 |   147 |     9 ||   232
Dodge: Dodged            |    64 |    82 |   314 |    19 ||   479

Table legend: (Time is in decaauts)
 A = Elapsed time spent in this place.
 B = Non-inter-level travel time spent in this place.
 C = Inter-level travel time spent in this place.
 D = Time resting spent in this place.
 E = Time spent auto-exploring this place.
 F = Levels seen in this place.
 G = Mean time per level.
                   A        B        C        D        E       F      G
               +--------+--------+--------+--------+--------+-----+--------+
         Total |   8313 |   8150 |    163 |      0 |   7066 |   8 | 1039.1 |
       Dungeon |   8313 |   8150 |    163 |      0 |   7066 |   8 | 1039.1 |
               +--------+--------+--------+--------+--------+-----+--------+

Top non-repeatable levels by time:
     D:5: 1953 daAuts
     D:6: 1552 daAuts
     D:3: 1396 daAuts
     D:7: 1115 daAuts
     D:1: 936 daAuts
     D:2: 809 daAuts
     D:4: 524 daAuts
     D:8: 24 daAuts
